 Dungeon Crawl Stone Soup version 0.29-a0-887-gcbe080d7e0 (webtiles) character file.

Game seed: 17968903121598636072

25 lunkers the Covered (level 2, -1/26 HPs)
             Began as a Demigod Wanderer on July 21, 2022.
             Slain by Jessica
             ... wielding a +2 dagger of flaming
              (3 damage)
             ... on level 2 of the Dungeon.
             The game lasted 00:01:35 (976 turns).

lunkers the Covered (Demigod Wanderer)               Turns: 976, Time: 00:01:36

Health: -1/26      AC: 10    Str: 15    XL:     2   Next: 66%
Magic:  13/13      EV:  9    Int: 12    God:
Gold:   61         SH:  0    Dex: 13    Spells: 1/1 levels left

rFire   . . .      SeeInvis .   a - +0 sling
rCold   . . .      Faith    .   (no shield)
rNeg    . . .      Spirit   .   b - +2 scale mail
rPois   .          Reflect  .   (no helmet)
rElec   .          Harm     .   i - +0 cloak
rCorr   .          Rampage  .   (no gloves)
Will    .....                   (no boots)
Stlth   ..........              (no amulet)
HPRegen 0.08/turn               f - ring of magical power
MPRegen 0.13/turn               (no ring)

@: no status effects
A: high MP 1, forlorn, divine attributes
a: no special abilities


You were on level 2 of the Dungeon.
You visited 1 branch of the dungeon, and saw 2 of its levels.

You collected 61 gold pieces.

Inventory:

Hand Weapons
 a - a +0 sling (weapon)
Armour
 b - a +2 scale mail (worn)
 i - a +0 cloak (worn)
Jewellery
 f - a ring of magical power (left hand)
Scrolls
 g - a scroll of identify {unknown}
 j - a scroll of teleportation {unknown}
Potions
 c - a potion of curing
 d - a potion of heal wounds
 e - a potion of magic {unknown}
 h - a potion of might {unknown}


   Skills:
 + Level 3.1 Fighting
 - Level 2.6 Ranged Weapons
 - Level 3.6 Armour
 - Level 1.0 Dodging


You had one spell level left.
You didn't know any spells.
Your spell library was empty.

Dungeon Overview and Level Annotations

Branches:
Dungeon (2/15)

Shops:
D:1 =

Annotations:
D:2 Jessica


Innate Abilities, Weirdness & Mutations

You have an increased reservoir of magic. (+10% MP)
You shall have no god before yourself.
Your divine heritage dramatically boosts your attributes as you level up.


Message History

The kobold attacks as you move away! The kobold closely misses you.
You feel sick.
Fire: a) +0 sling
Press: ? - help, Q - select action Shift-Dir - straight line, f - kobold
Aim: a kobold, wielding a +0 dagger of venom (47% to hit)
You shoot a sling bullet.
The sling bullet barely misses the kobold.
You feel sick. The kobold hits you but does no damage.
You are lethally poisoned!
The kobold hits you with a +0 dagger of venom.
* * * LOW HITPOINT WARNING * * *
You are more poisoned.
Fire: a) +0 sling
Press: ? - help, Q - select action Shift-Dir - straight line, f/p - kobold
Aim: a kobold, wielding a +0 dagger of venom (47% to hit)
You shoot a sling bullet.
The sling bullet completely misses the kobold.
* * * LOW HITPOINT WARNING * * *
You feel extremely sick.
The kobold hits you with a +0 dagger of venom.
* * * LOW HITPOINT WARNING * * *
You are more poisoned.
Unknown command.
You aren't carrying any items that you can evoke.
Unknown command.
You feel better.
The kobold hits you with a +0 dagger of venom.
* * * LOW HITPOINT WARNING * * *
Jessica hits you with a +2 dagger of flaming.
* * * LOW HITPOINT WARNING * * *
Jessica burns you.
* * * LOW HITPOINT WARNING * * *
Unknown command.
Fire: a) +0 sling
Press: ? - help, Q - select action Shift-Dir - straight line, f/p - kobold
Aim: a kobold, wielding a +0 dagger of venom (47% to hit)
You shoot a sling bullet.
The sling bullet hits the kobold but does no damage.
Jessica hits you with a +2 dagger of flaming.
You die...

#.. ##.. #...##
#..## .. #<.#
.... #
##.###.....
#.###.........
.#.....@##.....
.......#@# ...
.#.###..K# . #
##..†......
....##.....
...##.# ....
..... ..# #..
.... ... . ....
... ... .#.#


You could see Jessica (fast) and a kobold.

Vanquished Creatures
  2 dart slugs (D:1)
  2 endoplasms (D:1)
  A goblin (D:1)
  2 hobgoblins (D:1)
  4 kobolds (D:1)
  A quokka (D:1)
  4 ball pythons
  4 bats (D:1)
  2 rats
22 creatures vanquished.

Notes
Turn   | Place    | Note
-------+----------+-------------------------------------------
     0 | D:1      | lunkers the Demigod Wanderer began the quest for the Orb.
     0 | D:1      | lunkers set off with the following items: a +0 sling, a +2
                  | scale mail, a potion of curing, a potion of heal wounds.
     0 | D:1      | Reached XP level 1. HP: 17/17 MP: 3/3
    28 | D:1      | Found Larew's Jewellery Emporium.
   361 | D:1      | Reached XP level 2. HP: 25/25 MP: 4/4
   962 | D:2      | Noticed Jessica
   976 | D:2      | Slain by Jessica

Illustrated notes

Levels and vault maps discovered:
D:1:      dpeg_arrival_simpleton_c, layout_basic, serial_shops, shop,
          shapermc_ecumenical_altar_totnotflames
D:2:      layout_rooms, basic_altar, serial_shops,
          nicolae_shop_advertising_works [nicolae_subvault_shop_adworks],
          st_stairs_4, uniq_jessica

Skill      XL: |  1  2 |
---------------+-------+-----
Fighting       | 2 3 |  3.1
Ranged Weapons | |  2.6
Armour         | |  3.6
Dodging        | |  1.0

Action                   || total
-------------------------++-------
 Fire: Sling             ||    93
  Use: Potion            ||     1
Armor: Scale mail        ||    40
Dodge: Dodged            ||    35

Table legend: (Time is in decaauts)
 A = Elapsed time spent in this place.
 B = Non-inter-level travel time spent in this place.
 C = Inter-level travel time spent in this place.
 D = Time resting spent in this place.
 E = Time spent auto-exploring this place.
 F = Levels seen in this place.
 G = Mean time per level.
                   A        B        C        D        E       F      G
               +--------+--------+--------+--------+--------+-----+--------+
         Total |   1018 |    975 |     43 |      0 |    788 |   2 |  509.0 |
       Dungeon |   1018 |    975 |     43 |      0 |    788 |   2 |  509.0 |
               +--------+--------+--------+--------+--------+-----+--------+

Top non-repeatable levels by time:
     D:1: 988 daAuts
     D:2: 30 daAuts
